 Dungeon Crawl Stone Soup version 0.31-a0-1074-g0b22e4e0f1 (webtiles) character file.

Game seed: 17752426669360072255

293 grandjackal the Ruffian (level 6, -5/55 HPs)
             Began as a Ghoul Monk on Nov 30, 2023.
             Slain by a gnoll sergeant
             ... wielding a +1 heavy spear
              (12 damage)
             ... on level 4 of the Dungeon.
             The game lasted 00:03:20 (2341 turns).

grandjackal the Ruffian (Ghoul Monk)                Turns: 2341, Time: 00:03:20

Health: -5/55      AC: 10    Str: 15    XL:     6   Next: 33%
Magic:  14/14      EV:  7    Int: 11    God:
Gold:   183        SH:  0    Dex: 11    Spells: 2/5 levels left

rFire   . . .        l - +10 dagger "Hiar" {flame, *Slow rN+++ MP+9}
rCold   + . .        c - orb {light}
rNeg    + + +        k - +0 chain mail
rPois   ∞            (no helmet)
rElec   .            m - +1 cloak
rCorr   .            (no gloves)
SInv    .            (no boots)
Will    .....        (no amulet) Stlth
                     n - ring of wizardry
HPRegen 0.00/turn    (no ring)
MPRegen 0.14/turn

%: slow self (1%), wizardry (x1)
@: inhibited regen, glowing, invisible (but backlit and visible)
A: claws 1, cold resistance 1, negative energy resistance 3, inhibited
regeneration, torment resistance 2, devour on kill
a: no special abilities


You were on level 4 of the Dungeon.
You visited 1 branch of the dungeon, and saw 4 of its levels.

You collected 183 gold pieces.

Inventory:

Hand Weapons
 l - the +10 dagger "Hiar" (weapon) {flame, *Slow rN+++ MP+9}
   (You found it on level 2 of the Dungeon)

   rN+++:     It renders you almost immune to negative energy.
   MP+9:      It affects your magic capacity (+9).
   *Slow:     It may slow you when you take damage.
Armour
 c - an orb of light (worn)
 k - a +0 chain mail (worn)
 m - a +1 cloak (worn)
Jewellery
 n - a ring of wizardry (left claw)
Scrolls
 a - 6 scrolls of teleportation {unknown}
 d - 2 scrolls of fear {unknown}
 i - 2 scrolls of butterflies {unknown}
 j - 9 scrolls of identify {unknown}
 p - a scroll of poison {unknown}
 s - a scroll of noise {unknown}
Potions
 b - a potion of ambrosia
 e - a potion of invisibility
 f - a potion of curing
 g - 2 potions of brilliance {unknown}
 h - 3 potions of resistance {unknown}
 o - a potion of magic {unknown}
 q - a potion of attraction {unknown}
 r - a potion of degeneration {unknown}
 t - a potion of lignification {unknown}
 u - a potion of mutation {unknown}


   Skills:
 + Level 4.9 Fighting
 + Level 2.3 Armour
 - Level 3.0 Dodging
 + Level 4.9 Unarmed Combat
 + Level 2.1 Necromancy


You had 2 spell levels left.
You knew the following spells:

 Your Spells              Type           Power      Damage    Failure   Level
a - Vampiric Draining     Necr           4%         2d6       92%         3

Your spell library contained the following spells:

 Spells                   Type           Power      Damage    Failure   Level
 Sandblast                Erth           0%         2d4       87%         1
 Slow                     Hex            0%         N/A       87%         1
 Passwall                 Tmut/Erth      0%         N/A       95%         2
 Confusing Touch          Hex            0%         N/A       99%         3
 Inner Flame              Hex/Fire       0%         N/A       99%         3
 Sigil of Binding         Hex            0%         N/A       99%         3
 Stone Arrow              Conj/Erth      0%         3d7       99%         3
 Brom's Barrelling Bould  Conj/Erth      0%         2d3       100%        4
 Flame Wave               Conj/Fire      0%         2d4       100%        4
 Sticky Flame             Conj/Fire      0%         2d3       100%        4


Dungeon Overview and Level Annotations

Branches:
Dungeon (4/15)
 Temple: D:4-7

Altars:
Ashenzari


Innate Abilities, Weirdness & Mutations

You are immune to poison.
You have sharp fingernails.
Your flesh is cold resistant. (rC+)
You are immune to negative energy. (rN+++)
You do not regenerate when monsters are visible.
You are immune to unholy pain and torment.
You thrive by killing the living.


Message History

You kill the gnoll!
You feel better.
The gnoll hits you from afar with a +0 halberd.
The gnoll hits you but does no damage.
The gnoll sergeant hits you with a +1 heavy spear.
The gnoll hits you but does no damage. The gnoll hits you with a +0 spear.
There is an open door, spattered with blood here.
Items here: ))) †.
You puncture the gnoll! You burn the gnoll.
The gnoll is severely wounded.
The gnoll hits you with a +0 halberd. The gnoll barely misses you.
The gnoll sergeant hits you with a +1 heavy spear!
You hit the gnoll sergeant but do no damage.
The gnoll hits you with a +0 halberd.
* * * LOW HITPOINT WARNING * * *
The gnoll hits you but does no damage.
You puncture the gnoll! You burn the gnoll.
You kill the gnoll!
You feel better.
The gnoll sergeant hits you with a +1 heavy spear.
* * * LOW HITPOINT WARNING * * *
The gnoll hits you with a +0 spear!
* * * LOW HITPOINT WARNING * * *
Unknown command.
You hit the gnoll sergeant. You burn the gnoll sergeant.
The gnoll sergeant is moderately wounded.
The gnoll hits you but does no damage.
The gnoll sergeant hits you with a +1 heavy spear!
* * * LOW HITPOINT WARNING * * *
You puncture the gnoll sergeant! You burn the gnoll sergeant.
The gnoll sergeant is severely wounded.
The gnoll closely misses you.
It was a potion of invisibility.
You become transparent, but the glow from your halo prevents you from becoming completely invisible.
The gnoll sergeant hits you but does no damage.
The gnoll barely misses you.
It was a potion of curing.
You feel better. The gnoll hits you but does no damage.
The gnoll sergeant hits you with a +1 heavy spear!
You die...

#.......##.#######
......>............
≈≈≈≈≈≈≈≈.........#..
##≈≈≈##≈#.#...####..
#≈#######≈#.#...# #8..
#≈≈#.?.#≈≈..#...# ##..
#≈≈#...#≈≈..#...# #..
#≈≈#g)g#≈≈..##... ##..
#≈###@###≈#.##.## #8..
#####≈##≈.≈##≈#.# # # ##..
#....≈≈≈≈.≈≈≈≈..#8###8##..
#.........................
#####....................⌠
#.....##..#...........
#.....##..###8###8##..
#.....##....########..
#......#......... #8..


You could see a gnoll sergeant and a gnoll.

Vanquished Creatures
  A hound (D:4)
  2 orc priests
  2 iguanas (D:4)
  4 gnolls (D:4)
  3 adders
  2 worms
  3 dart slugs
  5 orcs
  7 bats
  6 endoplasms
  A giant cockroach (D:4)
  6 goblins
  5 hobgoblins
  8 jackals
  4 kobolds
  6 ball pythons
  2 frilled lizards
  7 rats
74 creatures vanquished.

Notes
Turn   | Place    | Note
-------+----------+-------------------------------------------
     0 | D:1      | grandjackal the Ghoul Monk began the quest for the Orb.
     0 | D:1      | Reached XP level 1. HP: 19/19 MP: 0/0
   168 | D:1      | Reached XP level 2. HP: 26/26 MP: 1/1
   588 | D:2      | Reached XP level 3. HP: 33/33 MP: 2/2
   750 | D:2      | Identified the +10 dagger "Hiar" {flame, *Slow rN+++ MP+9}
  1269 | D:3      | Reached skill level 1 in Armour
  1290 | D:3      | Reached XP level 4. HP: 36/40 MP: 3/3
  1399 | D:3      | Learned a level 3 spell: Vampiric Draining
  1478 | D:3      | Found a broken altar of Ashenzari.
  1729 | D:3      | Reached XP level 5. HP: 47/47 MP: 4/4
  1891 | D:4      | Reached skill level 1 in Necromancy
  2244 | D:4      | Reached XP level 6. HP: 53/53 MP: 5/5
  2338 | D:4      | HP: 1/55 [gnoll sergeant/+1 heavy spear (7)]
  2341 | D:4      | Slain by a gnoll sergeant

Illustrated notes

Levels and vault maps discovered:
D:1:      amcnicky_arrival_double_pillar, layout_rooms
D:2:      layout_loops_cross
D:3:      layout_loops_ring, overflow_temple_1_default, serial_park_tiny_1
D:4:      layout_basic, kennysheep_mini, nemelex_dance_club_becter,
          mainiacjoe_overflow_six_doors_small, okawaru_altar_gauntlet_db,
          serial_corexii_hall, corexii_hall_statues_x, corexii_hall_statues_u,
          chequers_hall_statues_corner_a, lightli_minifort

Skill      XL: |  1  2  3  4  5  6 |
---------------+-------------------+-----
Dodging        | 3 |  3.0
Fighting       | 4 |  4.9
Unarmed Combat | 4 |  4.9
Armour         | 1 2 |  2.3
Necromancy     | 1 2 |  2.1

Action                     |  1- 3 |  4- 6 || total
---------------------------+-------+-------++-------
  Melee: Unarmed           |    55 |       ||    55
         Dagger            |    24 |    71 ||    95
    Use: Potion            |       |     2 ||     2
 Armour: Robe              |    14 |       ||    14
         Chain mail        |    29 |    57 ||    86
  Dodge: Dodged            |    36 |    25 ||    61

Table legend: (Time is in decaauts)
 A = Elapsed time spent in this place.
 B = Non-inter-level travel time spent in this place.
 C = Inter-level travel time spent in this place.
 D = Time resting spent in this place.
 E = Time spent auto-exploring this place.
 F = Levels seen in this place.
 G = Mean time per level.
                   A        B        C        D        E       F      G
               +--------+--------+--------+--------+--------+-----+--------+
         Total |   2335 |   2240 |     95 |     62 |   1716 |   4 |  583.8 |
       Dungeon |   2335 |   2240 |     95 |     62 |   1716 |   4 |  583.8 |
               +--------+--------+--------+--------+--------+-----+--------+

Top non-repeatable levels by time:
     D:2: 741 daAuts
     D:3: 641 daAuts
     D:1: 481 daAuts
     D:4: 470 daAuts
